Senators vs Panthers

Created - November-13-12 at 17:37

Goals
1 2 3 T
Senators 0 0 0 0
Panthers 0 0 1 1
Shots
1 2 3 T
Senators 10 6 2 18
Panthers 6 8 9 23

1st period

No Goal

Penalties :
Guillaume Latendresse (OTT) for Roughing (Minor) at 0:58, Dave Bolland (FLA) for Hooking (Minor) at 4:44, Mike Komisarek (FLA) for Interference (Minor) at 8:00, Jiri Hudler (FLA) for Hooking (Minor) at 19:10

2nd period

No Goal

Penalties :
Niklas Kronwall (FLA) for Holding (Minor) at 3:14, Kyle Quincey (FLA) for Tripping (Minor) at 7:16, Jared Cowen (OTT) for Tripping (Minor) at 9:43, Jason Spezza (OTT) for Hooking (Minor) at 13:58

3rd period

1. Panthers , Daniel Alfredsson 5 (Dave Bolland, Niklas Kronwall) at 12:12

Penalties :
Kyle Quincey (FLA) for Roughing (Minor) at 3:09, Rob Klinkhammer (OTT) for Hooking (Minor) at 6:34, Luca Sbisa (FLA) for Holding (Minor) at 8:47, Colin Greening (FLA) for Hooking (Minor) at 13:09

Goalie Stats

Carey Price (OTT), 22 saves from 23 shots - (0.957), L, 1-4-0, 59:08 minutes
Tim Thomas (FLA), 18 saves from 18 shots - (1.000), W, 8-8-0, 60:00 minutes

Players Stats for Senators

Player Name              G  A  P  +/- PIM S  H  SB GA TA FO     MP     PP MP  PK MP  
------------------------------------------------------------------------------------
Adrian Aucoin            0  0  0  -1  0   1  3  3  0  0  0/0    23:20   2:53   4:44 
Anton Stralman           0  0  0   0  0   1  0  0  0  0  0/0    19:37   8:27   0:40 
Claude Giroux            0  0  0   0  0   2  3  0  0  0  0/0    16:08   7:05   0:00 
Daniel Sedin             0  0  0   0  0   2  0  0  0  0  2/3    18:29   8:47   0:14 
Dion Phaneuf             0  0  0   0  0   2  2  3  0  0  0/0    24:51   7:01   3:41 
Guillaume Latendresse    0  0  0   0  2   1  1  0  0  0  0/2    10:52   0:00   0:14 
Jared Cowen              0  0  0   0  2   1  0  0  0  0  0/0    24:29   8:41   2:38 
Jason Spezza             0  0  0   0  2   3  0  0  0  0  13/23  18:43   8:47   0:14 
Jay Pandolfo             0  0  0  -1  0   0  0  0  0  0  4/12   11:38   0:00   4:27 
Jim OBrien               0  0  0   0  0   0  0  0  0  0  4/6    15:16   1:22   3:15 
John Mitchell            0  0  0  -1  0   0  1  0  0  0  2/2    11:22   0:00   4:27 
John Tavares             0  0  0   0  0   1  0  0  0  0  9/10   18:09   7:05   0:00 
Joni Pitkanen            0  0  0   0  0   0  0  1  0  0  0/0     6:55   2:18   0:00 
Kaspars Daugavins        0  0  0  -1  0   0  0  0  0  0  0/0    10:10   0:00   3:15 
Matt Read                0  0  0   0  0   1  1  0  0  0  0/2    17:08   7:58   0:00 
Rob Klinkhammer          0  0  0   0  2   0  1  0  0  0  1/1     9:09   0:00   0:00 
Sidney Crosby            0  0  0   0  0   3  0  0  0  0  4/14   16:07   6:32   0:00 
Steve Staios             0  0  0  -1  0   0  1  0  0  0  0/0    19:37   2:24   3:55 

Players Stats for Panthers

Player Name              G  A  P  +/- PIM S  H  SB GA TA FO     MP     PP MP  PK MP  
------------------------------------------------------------------------------------
Andy Greene              0  0  0   0  0   0  0  0  0  0  0/0     8:37   0:00   0:00 
Colin Greening           0  0  0   0  2   1  0  0  0  0  0/0     6:21   0:00   0:00 
Daniel Alfredsson        1  0  1   1  0   6  2  0  0  0  12/22  27:03   4:34   8:08 
Dave Bolland             0  1  1   1  2   0  2  0  0  0  11/18  19:31   4:34   4:44 
Jason Garrison           0  0  0   1  0   4  1  1  0  0  0/0    24:19   4:33   7:50 
Jiri Hudler              0  0  0   0  2   2  2  0  0  0  1/2    18:50   3:22   0:00 
Johnny Oduya             0  0  0   0  0   0  0  0  0  0  0/0    20:12   3:23   8:02 
Justin Falk              0  0  0   0  0   0  0  1  0  0  0/0     7:02   0:00   0:10 
Kyle Quincey             0  0  0   0  4   1  2  0  0  0  0/0    18:13   3:23   6:05 
Lee Stempniak            0  0  0   0  0   1  1  0  0  0  1/3    13:39   0:00   3:10 
Luca Sbisa               0  0  0   0  2   0  0  0  0  0  0/0    11:14   0:00   2:38 
Matt Cullen              0  0  0   0  0   0  2  1  0  0  1/1    20:16   3:22   1:25 
Mike Komisarek           0  0  0   0  2   0  0  0  0  0  0/0     6:51   0:00   0:00 
Niklas Kronwall          0  1  1   1  2   5  1  1  0  0  0/0    23:27   4:33   6:59 
Ryan Smyth               0  0  0   1  0   0  0  0  0  0  3/7    23:48   4:34   9:00 
Sam Gagner               0  0  0   0  0   1  0  0  0  0  7/21   24:08   3:22   5:17 
Theo Peckham             0  0  0   0  0   0  0  0  0  0  0/0     0:00   0:00   0:00 
Viktor Stalberg          0  0  0   0  0   2  0  0  0  0  0/1    10:29   0:00   0:00 

3 Stars

1 - Tim Thomas (FLA)
2 - Carey Price (OTT)
3 - Daniel Alfredsson (FLA)

Power Play

Senators - 0 on 8 Attempt(s) - 0.00%
Panthers - 0 on 4 Attempt(s) - 0.00%

Penalty Kill

Senators - 4 on 4 Attempt(s) - 100.00% - Score 0 goal in Penalty Kill
Panthers - 8 on 8 Attempt(s) - 100.00% - Score 0 goal in Penalty Kill

Official

Referees : Wes McCauley and Gord Dwyer
Linesman : Steve Miller and Pierre Racicot

Game Notes

Joni Pitkanen is injured at 1:47 of 2nd period (Sprained Right Finger)

Finance

Level 1 -- Attendance: 6000 (100.00%) -- Ticket Income $420,000
Level 2 -- Attendance: 5000 (100.00%) -- Ticket Income $150,000
Level 3 -- Attendance: 3500 (100.00%) -- Ticket Income $70,000
Level 4 -- Attendance: 2840 (75.73%) -- Ticket Income $28,400
Luxury Box -- Attendance: 1000 (100.00%) -- Ticket Income $150,000
Game was played at the BankAtlantic Center
Total Attendance: 18340 (95.27%)
Total Ticket Income: $818,400
Other Income: $122,760
Total Income: $941,160


% Time on Ice - Senators

Lines # - Real PCT - Wanted PCT - Time Play
Normal Forward
1 - 25% - 30% - 9:03
2 - 26% - 30% - 9:10
3 - 30% - 30% - 10:39
4 - 19% - 10% - 6:55
Normal Defense
1 - 33% - 35% - 11:42
2 - 42% - 35% - 15:05
3 - 20% - 20% - 7:00
4 - 6% - 10% - 2:00
PP Forward
1 - 55% - 60% - 8:47
2 - 45% - 40% - 7:05
PP Defense
1 - 39% - 60% - 6:08
2 - 61% - 40% - 9:44
PK Forward
1 - 59% - 60% - 4:41
2 - 41% - 40% - 3:15
PK Defense
1 - 60% - 60% - 4:44
2 - 40% - 40% - 3:12
PK3 Forward
1 - 0% - 60%
2 - 0% - 40%
PK3 Defense
1 - 0% - 60%
2 - 0% - 40%
44 Forward
1 - 0% - 60%
2 - 0% - 40%
44 Defense
1 - 0% - 60%
2 - 0% - 40%
Last Minute Offensive  - 0:25
Last Minute Defensive  - 0:00
Total
Forward - 60:00
Defense - 60:00

% Time on Ice - Panthers

Lines # - Real PCT - Wanted PCT - Time Play
Normal Forward
1 - 13% - 40% - 4:46
2 - 43% - 30% - 15:29
3 - 29% - 20% - 10:29
4 - 14% - 10% - 5:03
Normal Defense
1 - 33% - 40% - 11:56
2 - 25% - 30% - 8:47
3 - 23% - 20% - 8:12
4 - 19% - 10% - 6:52
PP Forward
1 - 58% - 60% - 4:34
2 - 42% - 40% - 3:22
PP Defense
1 - 57% - 60% - 4:33
2 - 43% - 40% - 3:23
PK Forward
1 - 67% - 60% - 10:35
2 - 33% - 40% - 5:17
PK Defense
1 - 50% - 60% - 8:00
2 - 50% - 40% - 7:52
PK3 Forward
1 - 0% - 60%
2 - 0% - 40%
PK3 Defense
1 - 0% - 60%
2 - 0% - 40%
44 Forward
1 - 0% - 60%
2 - 0% - 40%
44 Defense
1 - 0% - 60%
2 - 0% - 40%
Last Minute Offensive  - 0:00
Last Minute Defensive  - 0:25
Total
Forward - 60:00
Defense - 60:00

Play by Play

1st period


0:01 of 1st period - Jason Spezza wins face-off versus Ryan Smyth in neutral zone.
0:03 of 1st period - Off-side.
0:04 of 1st period - Rob Klinkhammer wins face-off versus Sam Gagner in neutral zone.
0:17 of 1st period - Shot by Sidney Crosby.
0:17 of 1st period - Stopped by Tim Thomas without a rebound.
0:18 of 1st period - John Tavares wins face-off versus Daniel Alfredsson in Panthers zone.
0:58 of 1st period - Minor Penalty to Guillaume Latendresse for Roughing.
0:59 of 1st period - Jay Pandolfo wins face-off versus Jiri Hudler in Senators zone.
1:04 of 1st period - John Mitchell is hit by Jiri Hudler and loses puck.
1:21 of 1st period - Shot by Niklas Kronwall.
1:21 of 1st period - Shot Blocked by Adrian Aucoin.
1:23 of 1st period - Shot by Niklas Kronwall.
1:23 of 1st period - Shot Misses the Net.
1:25 of 1st period - Shot by Niklas Kronwall.
1:25 of 1st period - Stopped by Carey Price without a rebound.
1:26 of 1st period - Jim OBrien wins face-off versus Dave Bolland in Senators zone.
1:34 of 1st period - Icing by Ryan Smyth.
1:35 of 1st period - Jay Pandolfo wins face-off versus Dave Bolland in Panthers zone.
1:38 of 1st period - Shot by Jared Cowen.
1:38 of 1st period - Stopped by Tim Thomas with a rebound.
2:38 of 1st period - Off-side.
2:39 of 1st period - Sam Gagner wins face-off versus Jay Pandolfo in neutral zone.
3:11 of 1st period - Icing by Daniel Sedin.
3:12 of 1st period - Jason Spezza wins face-off versus Sam Gagner in Senators zone.
4:02 of 1st period - Matt Read is hit by Matt Cullen.
4:14 of 1st period - Johnny Oduya is hit by Rob Klinkhammer and loses puck.
4:28 of 1st period - Sidney Crosby is hit by Kyle Quincey and loses puck.
4:34 of 1st period - Sidney Crosby is hit by Kyle Quincey and loses puck.
4:44 of 1st period - Minor Penalty to Dave Bolland for Hooking.
4:45 of 1st period - Daniel Alfredsson wins face-off versus Sidney Crosby in Panthers zone.
5:54 of 1st period - Shot by Dion Phaneuf.
5:54 of 1st period - Stopped by Tim Thomas without a rebound.
5:55 of 1st period - Jim OBrien wins face-off versus Lee Stempniak in Panthers zone.
6:43 of 1st period - Shot by Dion Phaneuf.
6:43 of 1st period - Stopped by Tim Thomas without a rebound.
6:44 of 1st period - Jay Pandolfo wins face-off versus Sam Gagner in Panthers zone.
7:41 of 1st period - Justin Falk is hit by Guillaume Latendresse and loses puck.
8:00 of 1st period - Shot by John Tavares.
8:00 of 1st period - Stopped by Tim Thomas without a rebound.
8:00 of 1st period - Minor Penalty to Mike Komisarek for Interference.
8:01 of 1st period - Daniel Alfredsson wins face-off versus Jason Spezza in Panthers zone.
8:23 of 1st period - Off-side.
8:24 of 1st period - Sidney Crosby wins face-off versus Dave Bolland in neutral zone.
8:45 of 1st period - Shot by Claude Giroux.
8:45 of 1st period - Stopped by Tim Thomas without a rebound.
8:46 of 1st period - Daniel Alfredsson wins face-off versus Jason Spezza in Panthers zone.
9:16 of 1st period - Icing by Jason Spezza.
9:17 of 1st period - Jason Spezza wins face-off versus Daniel Alfredsson in Senators zone.
10:00 of 1st period - Shot by Sidney Crosby.
10:00 of 1st period - Stopped by Tim Thomas without a rebound.
10:01 of 1st period - John Tavares wins face-off versus Sam Gagner in Panthers zone.
10:20 of 1st period - Shot by Jiri Hudler.
10:20 of 1st period - Stopped by Carey Price with a rebound.
10:36 of 1st period - Shot by Niklas Kronwall.
10:36 of 1st period - Stopped by Carey Price without a rebound.
10:37 of 1st period - Ryan Smyth wins face-off versus Sidney Crosby in Senators zone.
11:02 of 1st period - Shot by Sidney Crosby.
11:02 of 1st period - Shot Misses the Net.
11:54 of 1st period - Shot by Matt Cullen.
11:54 of 1st period - Shot Misses the Net.
11:56 of 1st period - Shot by Matt Cullen.
11:56 of 1st period - Deflect By Jiri Hudler.
11:56 of 1st period - Stopped by Carey Price without a rebound.
11:57 of 1st period - John Tavares wins face-off versus Viktor Stalberg in Senators zone.
13:59 of 1st period - Shot by Jason Spezza.
13:59 of 1st period - Stopped by Tim Thomas without a rebound.
14:00 of 1st period - Sidney Crosby wins face-off versus Ryan Smyth in Panthers zone.
14:15 of 1st period - Shot by Sidney Crosby.
14:15 of 1st period - Stopped by Tim Thomas with a rebound.
15:05 of 1st period - Shot by Daniel Alfredsson.
15:05 of 1st period - Stopped by Carey Price without a rebound.
15:06 of 1st period - Sam Gagner wins face-off versus Jason Spezza in Senators zone.
15:17 of 1st period - Shot by Jason Garrison.
15:17 of 1st period - Stopped by Carey Price with a rebound.
15:24 of 1st period - Icing by Joni Pitkanen.
15:25 of 1st period - Daniel Sedin wins face-off versus Daniel Alfredsson in Senators zone.
15:45 of 1st period - Icing by Kyle Quincey.
15:46 of 1st period - John Tavares wins face-off versus Daniel Alfredsson in Panthers zone.
16:26 of 1st period - Off-side.
16:27 of 1st period - Jason Spezza wins face-off versus Sam Gagner in neutral zone.
16:35 of 1st period - Jared Cowen is hit by Matt Cullen and loses puck.
17:57 of 1st period - Shot by Sidney Crosby.
17:57 of 1st period - Shot Misses the Net.
17:59 of 1st period - Shot by Matt Read.
17:59 of 1st period - Stopped by Tim Thomas without a rebound.
18:00 of 1st period - Jim OBrien wins face-off versus Daniel Alfredsson in Panthers zone.
18:06 of 1st period - Viktor Stalberg is hit by Dion Phaneuf and loses puck.
18:45 of 1st period - Icing by Guillaume Latendresse.
18:46 of 1st period - Sam Gagner wins face-off versus Guillaume Latendresse in Senators zone.
18:57 of 1st period - Shot by Matt Cullen.
18:57 of 1st period - Shot Blocked by Dion Phaneuf.
19:10 of 1st period - Minor Penalty to Jiri Hudler for Hooking.
19:11 of 1st period - Jason Spezza wins face-off versus Lee Stempniak in Panthers zone.

2nd period


0:01 of 2nd period - Daniel Alfredsson wins face-off versus Jason Spezza in neutral zone.
0:14 of 2nd period - Shot by Jason Spezza.
0:14 of 2nd period - Deflect By Daniel Sedin.
0:14 of 2nd period - Shot Blocked by Jason Garrison.
0:18 of 2nd period - Shot by Jason Spezza.
0:18 of 2nd period - Stopped by Tim Thomas without a rebound.
0:19 of 2nd period - Daniel Alfredsson wins face-off versus Sidney Crosby in Panthers zone.
0:42 of 2nd period - Shot by Sidney Crosby.
0:42 of 2nd period - Deflect By Claude Giroux.
0:42 of 2nd period - Stopped by Tim Thomas without a rebound.
0:43 of 2nd period - Jason Spezza wins face-off versus Daniel Alfredsson in Panthers zone.
1:25 of 2nd period - Icing by Adrian Aucoin.
1:26 of 2nd period - John Tavares wins face-off versus Sam Gagner in Senators zone.
1:35 of 2nd period - Shot by Guillaume Latendresse.
1:35 of 2nd period - Stopped by Tim Thomas without a rebound.
1:36 of 2nd period - Dave Bolland wins face-off versus Sidney Crosby in Panthers zone.
1:47 of 2nd period - Shot by Daniel Alfredsson.
1:47 of 2nd period - Shot Blocked by Joni Pitkanen.
1:47 of 2nd period - Joni Pitkanen from Senators is injured at 1:47 of 2nd period (Sprained Right Finger).
1:48 of 2nd period - Matt Cullen wins face-off versus Daniel Sedin in Senators zone.
2:09 of 2nd period - Shot by Sam Gagner.
2:09 of 2nd period - Stopped by Carey Price without a rebound.
2:10 of 2nd period - Dave Bolland wins face-off versus Sidney Crosby in Senators zone.
2:32 of 2nd period - Icing by Niklas Kronwall.
2:33 of 2nd period - Dave Bolland wins face-off versus Jason Spezza in Panthers zone.
2:39 of 2nd period - Claude Giroux is hit by Dave Bolland and loses puck.
3:14 of 2nd period - Minor Penalty to Niklas Kronwall for Holding.
3:15 of 2nd period - Sidney Crosby wins face-off versus Daniel Alfredsson in Panthers zone.
4:34 of 2nd period - Shot by Daniel Sedin.
4:34 of 2nd period - Deflect By Jason Spezza.
4:34 of 2nd period - Stopped by Tim Thomas without a rebound.
4:35 of 2nd period - Dave Bolland wins face-off versus Sidney Crosby in Panthers zone.
4:35 of 2nd period - Dave Bolland is hit by Claude Giroux.
5:18 of 2nd period - Icing by Jay Pandolfo.
5:19 of 2nd period - Jiri Hudler wins face-off versus Jay Pandolfo in Senators zone.
5:49 of 2nd period - Icing by Matt Cullen.
5:50 of 2nd period - Sam Gagner wins face-off versus Jim OBrien in Panthers zone.
6:29 of 2nd period - Shot by Daniel Alfredsson.
6:29 of 2nd period - Shot Blocked by Dion Phaneuf.
6:40 of 2nd period - Icing by Johnny Oduya.
6:41 of 2nd period - Dave Bolland wins face-off versus Sidney Crosby in Panthers zone.
7:16 of 2nd period - Minor Penalty to Kyle Quincey for Tripping.
7:17 of 2nd period - Lee Stempniak wins face-off versus Jason Spezza in Panthers zone.
7:38 of 2nd period - Shot by Anton Stralman.
7:38 of 2nd period - Shot Misses the Net.
8:37 of 2nd period - Shot by John Tavares.
8:37 of 2nd period - Deflect By Sidney Crosby.
8:37 of 2nd period - Shot Misses the Net.
8:39 of 2nd period - Shot by Adrian Aucoin.
8:39 of 2nd period - Stopped by Tim Thomas without a rebound.
8:40 of 2nd period - Daniel Alfredsson wins face-off versus Matt Read in Panthers zone.
9:33 of 2nd period - Sam Gagner is hit by Dion Phaneuf and loses puck.
9:43 of 2nd period - Minor Penalty to Jared Cowen for Tripping.
9:44 of 2nd period - Dave Bolland wins face-off versus Jay Pandolfo in Senators zone.
9:45 of 2nd period - Shot by Jason Garrison.
9:45 of 2nd period - Stopped by Carey Price with a rebound.
10:13 of 2nd period - Shot by Daniel Alfredsson.
10:13 of 2nd period - Stopped by Carey Price with a rebound.
11:50 of 2nd period - Shot by Viktor Stalberg.
11:50 of 2nd period - Shot Misses the Net.
12:00 of 2nd period - Shot by Lee Stempniak.
12:00 of 2nd period - Stopped by Carey Price with a rebound.
12:04 of 2nd period - Shot by Lee Stempniak.
12:04 of 2nd period - Shot Misses the Net.
12:22 of 2nd period - Shot by Viktor Stalberg.
12:22 of 2nd period - Stopped by Carey Price without a rebound.
12:23 of 2nd period - John Tavares wins face-off versus Sam Gagner in Senators zone.
12:34 of 2nd period - Icing by Justin Falk.
12:35 of 2nd period - Sam Gagner wins face-off versus Jay Pandolfo in Panthers zone.
13:12 of 2nd period - Icing by Justin Falk.
13:13 of 2nd period - Sam Gagner wins face-off versus Jason Spezza in Panthers zone.
13:13 of 2nd period - Sam Gagner is hit by Claude Giroux.
13:25 of 2nd period - Shot by Claude Giroux.
13:25 of 2nd period - Shot Misses the Net.
13:27 of 2nd period - Shot by Jason Spezza.
13:27 of 2nd period - Shot Blocked by Matt Cullen.
13:29 of 2nd period - Shot by Dion Phaneuf.
13:29 of 2nd period - Shot Misses the Net.
13:31 of 2nd period - Shot by Claude Giroux.
13:31 of 2nd period - Shot Hit the Post.
13:33 of 2nd period - Shot by Claude Giroux.
13:33 of 2nd period - Shot Misses the Net.
13:35 of 2nd period - Shot by Daniel Sedin.
13:35 of 2nd period - Stopped by Tim Thomas with a rebound.
13:58 of 2nd period - Minor Penalty to Jason Spezza for Hooking.
13:59 of 2nd period - Dave Bolland wins face-off versus Jay Pandolfo in Senators zone.
14:04 of 2nd period - Shot by Jason Garrison.
14:04 of 2nd period - Stopped by Carey Price without a rebound.
14:05 of 2nd period - Dave Bolland wins face-off versus Jay Pandolfo in Senators zone.
14:05 of 2nd period - Dave Bolland is hit by Adrian Aucoin.
14:39 of 2nd period - Icing by Niklas Kronwall.
14:40 of 2nd period - Jay Pandolfo wins face-off versus Daniel Alfredsson in Panthers zone.
15:04 of 2nd period - Jay Pandolfo is hit by Daniel Alfredsson and loses puck.
15:19 of 2nd period - Shot by Kyle Quincey.
15:19 of 2nd period - Stopped by Carey Price without a rebound.
15:20 of 2nd period - Jim OBrien wins face-off versus Sam Gagner in Senators zone.
16:26 of 2nd period - Shot by Viktor Stalberg.
16:26 of 2nd period - Shot Misses the Net.
17:05 of 2nd period - Off-side.
17:06 of 2nd period - Jason Spezza wins face-off versus Sam Gagner in neutral zone.
17:09 of 2nd period - Niklas Kronwall is hit by Claude Giroux and loses puck.
17:36 of 2nd period - Jiri Hudler is hit by Adrian Aucoin and loses puck.
17:52 of 2nd period - Icing by Adrian Aucoin.
17:53 of 2nd period - Ryan Smyth wins face-off versus Jason Spezza in Senators zone.
18:49 of 2nd period - Icing by Jared Cowen.
18:50 of 2nd period - Daniel Alfredsson wins face-off versus Jason Spezza in Senators zone.
19:24 of 2nd period - Shot by Daniel Alfredsson.
19:24 of 2nd period - Stopped by Carey Price without a rebound.
19:25 of 2nd period - Sidney Crosby wins face-off versus Sam Gagner in Senators zone.
19:39 of 2nd period - Icing by Andy Greene.
19:40 of 2nd period - John Tavares wins face-off versus Sam Gagner in Panthers zone.

3rd period


0:01 of 3rd period - John Tavares wins face-off versus Dave Bolland in neutral zone.
0:24 of 3rd period - Icing by Adrian Aucoin.
0:25 of 3rd period - John Tavares wins face-off versus Sam Gagner in Senators zone.
0:25 of 3rd period - John Tavares is hit by Jiri Hudler.
1:48 of 3rd period - Shot by Daniel Alfredsson.
1:48 of 3rd period - Stopped by Carey Price without a rebound.
1:49 of 3rd period - Daniel Alfredsson wins face-off versus Matt Read in Senators zone.
2:19 of 3rd period - Shot by Viktor Stalberg.
2:19 of 3rd period - Shot Misses the Net.
2:53 of 3rd period - Shot by Niklas Kronwall.
2:53 of 3rd period - Stopped by Carey Price without a rebound.
2:54 of 3rd period - Jason Spezza wins face-off versus Ryan Smyth in Senators zone.
3:09 of 3rd period - Minor Penalty to Kyle Quincey for Roughing.
3:10 of 3rd period - Daniel Alfredsson wins face-off versus Jason Spezza in Panthers zone.
3:37 of 3rd period - Shot by Daniel Sedin.
3:37 of 3rd period - Shot Misses the Net.
6:24 of 3rd period - Sidney Crosby is hit by Lee Stempniak and loses puck.
6:34 of 3rd period - Minor Penalty to Rob Klinkhammer for Hooking.
6:35 of 3rd period - Dave Bolland wins face-off versus Jay Pandolfo in Senators zone.
6:48 of 3rd period - Shot by Niklas Kronwall.
6:48 of 3rd period - Stopped by Carey Price without a rebound.
6:49 of 3rd period - Dave Bolland wins face-off versus Jay Pandolfo in Senators zone.
6:54 of 3rd period - Shot by Jason Garrison.
6:54 of 3rd period - Stopped by Carey Price without a rebound.
6:55 of 3rd period - John Mitchell wins face-off versus Dave Bolland in Senators zone.
6:55 of 3rd period - John Mitchell is hit by Dave Bolland.
7:04 of 3rd period - Dave Bolland is hit by John Mitchell.
7:08 of 3rd period - Shot by Ryan Smyth.
7:08 of 3rd period - Shot Misses the Net.
7:10 of 3rd period - Shot by Jason Garrison.
7:10 of 3rd period - Shot Blocked by Dion Phaneuf.
7:29 of 3rd period - Shot by Niklas Kronwall.
7:29 of 3rd period - Stopped by Carey Price without a rebound.
7:30 of 3rd period - Sam Gagner wins face-off versus Jim OBrien in Senators zone.
7:37 of 3rd period - Shot by Johnny Oduya.
7:37 of 3rd period - Shot Misses the Net.
7:39 of 3rd period - Shot by Johnny Oduya.
7:39 of 3rd period - Shot Blocked by Adrian Aucoin.
7:56 of 3rd period - Matt Cullen is hit by Adrian Aucoin and loses puck.
8:47 of 3rd period - Minor Penalty to Luca Sbisa for Holding.
8:48 of 3rd period - Jason Spezza wins face-off versus Daniel Alfredsson in Panthers zone.
9:01 of 3rd period - Shot by Anton Stralman.
9:01 of 3rd period - Stopped by Tim Thomas without a rebound.
9:02 of 3rd period - Daniel Alfredsson wins face-off versus Sidney Crosby in Panthers zone.
9:21 of 3rd period - Shot by Claude Giroux.
9:21 of 3rd period - Shot Misses the Net.
9:52 of 3rd period - Icing by Claude Giroux.
9:53 of 3rd period - Daniel Alfredsson wins face-off versus Sidney Crosby in Senators zone.
10:29 of 3rd period - Off-side.
10:30 of 3rd period - Daniel Sedin wins face-off versus Dave Bolland in neutral zone.
12:03 of 3rd period - Ryan Smyth is hit by Steve Staios and loses puck.
12:10 of 3rd period - Shot by Dave Bolland.
12:10 of 3rd period - Shot Blocked by Adrian Aucoin.
12:12 of 3rd period - Shot by Daniel Alfredsson.
12:12 of 3rd period - Goal by Daniel Alfredsson - Senators : 0 - Panthers : 1.
12:13 of 3rd period - Jason Spezza wins face-off versus Daniel Alfredsson in neutral zone.
12:23 of 3rd period - Icing by Johnny Oduya.
12:24 of 3rd period - Daniel Alfredsson wins face-off versus Guillaume Latendresse in Panthers zone.
12:45 of 3rd period - Shot by Viktor Stalberg.
12:45 of 3rd period - Shot Misses the Net.
13:08 of 3rd period - Off-side.
13:09 of 3rd period - Jason Spezza wins face-off versus Ryan Smyth in neutral zone.
13:09 of 3rd period - Minor Penalty to Colin Greening for Hooking.
13:10 of 3rd period - Jason Spezza wins face-off versus Dave Bolland in Panthers zone.
14:37 of 3rd period - Jason Spezza is hit by Daniel Alfredsson and loses puck.
14:44 of 3rd period - Ryan Smyth is hit by Matt Read and loses puck.
14:52 of 3rd period - Shot by Anton Stralman.
14:52 of 3rd period - Shot Misses the Net.
15:13 of 3rd period - Icing by Steve Staios.
15:14 of 3rd period - John Mitchell wins face-off versus Sam Gagner in Senators zone.
15:14 of 3rd period - John Mitchell is hit by Jason Garrison.
15:20 of 3rd period - Shot by Kaspars Daugavins.
15:20 of 3rd period - Shot Blocked by Niklas Kronwall.
15:47 of 3rd period - Dion Phaneuf is hit by Niklas Kronwall and loses puck.
16:16 of 3rd period - Icing by Adrian Aucoin.
16:17 of 3rd period - Ryan Smyth wins face-off versus John Tavares in Senators zone.
16:32 of 3rd period - Shot by Colin Greening.
16:32 of 3rd period - Stopped by Carey Price with a rebound.
17:14 of 3rd period - Shot by Viktor Stalberg.
17:14 of 3rd period - Shot Misses the Net.
17:20 of 3rd period - Shot by Daniel Alfredsson.
17:20 of 3rd period - Stopped by Carey Price without a rebound.
17:21 of 3rd period - Jason Spezza wins face-off versus Sam Gagner in Senators zone.
17:41 of 3rd period - Shot by Jason Spezza.
17:41 of 3rd period - Shot Blocked by Justin Falk.
18:25 of 3rd period - Shot by Viktor Stalberg.
18:25 of 3rd period - Stopped by Carey Price with a rebound.
18:43 of 3rd period - Shot by Daniel Alfredsson.
18:43 of 3rd period - Shot Misses the Net.
19:08 of 3rd period - Senators, Carey Price is pulled from the net.
19:34 of 3rd period - Off-side.
19:35 of 3rd period - Dave Bolland wins face-off versus Sidney Crosby in neutral zone.
19:42 of 3rd period - Shot by Dave Bolland.
19:42 of 3rd period - Shot Misses the Net.
19:57 of 3rd period - Shot by John Tavares.
19:57 of 3rd period - Shot Misses the Net.
19:59 of 3rd period - Shot by Daniel Sedin.
19:59 of 3rd period - Stopped by Tim Thomas with a rebound.


Output by the SimonT Hockey Simulator (STHS) for Stephane Roy -- Original Page W3C XHTML 1.0 Valid
Hockey Simulator - Hockey Simulation - Hockey Manager